[Event "Sitges Sunway op 4th"]
[Site "Sitges"]
[Date "2017.12.23"]
[Round "9"]
[White "Aravindh, Chithambaram VR"]
[Black "Kozul, Zdenko"]
[Result "1-0"]
[ECO "B67"]
[WhiteElo "2586"]
[BlackElo "2607"]
[Annotator "Besenthal,K"]
[PlyCount "89"]
[EventDate "2017.12.15"]
[EventType "swiss"]
[EventRounds "9"]
[EventCountry "ESP"]
[SourceTitle "EXT 2019"]
[Source "ChessBase"]
[SourceDate "2018.10.10"]
[SourceVersion "1"]
[SourceVersionDate "2018.10.10"]
[SourceQuality "1"]
[TimeControl "40/5400+30:1800+30"]

1. e4 c5 2. Nf3 d6 3. d4 cxd4 4. Nxd4 Nf6 5. Nc3 Nc6 6. Bg5 e6 7. Qd2 a6 8. O-O-O Bd7 9. f3 Rc8 10. Kb1 Be7 11. Be3 h5 12. Nxc6 Bxc6 13.
Ne2 d5 14. e5 Nd7 15. f4 Bb5 16. Nd4 Bxf1 17. Rhxf1 g6 18. Rf3 Nc5 19. Rh3 Ne4 20. Qe2 Rf8 21. g4 hxg4 22. Qxg4 Qd7 23. Rh7 Bc5 24. h4 Bxd4 25. Bxd4 Qc6 26. c3 b5 27. Qg2 a5 28. h5 gxh5 29. Rh6 b4 30.
cxb4 axb4 31. f5 Ng3 32. fxe6 fxe6 33. a3 Nf5 34. Rh7 {[%emt 0:00:37] [#] Weiß greift
am Königsflügel an, Schwarz am Damenflügel - ein typisches Szenario in der
Sizilianischen Verteidigung. In der vorliegenden Stellung ist dies für beide
Seiten ein Drahtseilakt: Ein überstürztes Forcieren des Angriffs könnte den
eigenen König schutzlos werden lassen.} Ne7 (34... Nxd4 $4 {
funktioniert nicht:} 35. Qg6+ Kd8 36. Qg5+ Ke8 37. Qe7#) 35. axb4 Qa4 36. Qe2 Rf5 {[%emt 0:02:57] [#] Ein
unerklärlicher Fehlgriff von Kozul.} ({Nach} 36... Qxb4 $1 37. Qa6 Kd7 {
wäre für Schwarz alles in Ordnung gewesen.}) 37. Bc5 $1 {[%emt 0:01:07] Nach
diesem Zug ist der schwarze Angriff am Damenflügel praktisch Geschichte - und
das ist entscheidend. Jeder theoretisch mögliche Springerzug des Schwarzen
würde nun mit Tg1 und schnellem Gewinn beantwortet werden.} Rxe5 (37... Rf7 38. Rxf7 Kxf7 39. Qxh5+ $18) (37... Rc7 38. Rg1 $18) (37...
Rxc5 38. bxc5 Rxe5 39. Rd4 $1 Qxd4 40. Qb5+ {hätte zum Matt geführt.}) 38.
Rxe7+ Kd8 39. Qd2 Rxc5 40. Rh7 {[%emt 0:00:00] [#] Es ist immer noch interessant:
Schwarz besitzt jetzt sogar mehr Material, aber sein König ist für die weißen
Schwerfiguren Freiwild. Hingegen steht der weiße Monarch vollkommen sicher.
Noch immer spielt die Möglichkeit mit dem Turm nach g1 zu schwenken eine
entscheidende Rolle.} Rc4 (40... Rc7 41. Rxc7 Kxc7 42. Qc3+ Kd6 43. Qc5+ Kd7
44. Rg1 {hätte auch nichts genützt.}) 41. Rf1 Ke8 42. Rf8+ Kxf8 43. Qh6+ Ke8 44. Qg6+ Kd8 45. Qf6+ 1-0

[Event "EU-ch 12th"]
[Site "Aix les Bains"]
[Date "2011.03.30"]
[Round "8"]
[White "Roser, Kevin"]
[Black "Kozul, Zdenko"]
[Result "1-0"]
[ECO "B67"]
[WhiteElo "2423"]
[BlackElo "2568"]
[Annotator "Marchand,A/Primel,D"]
[PlyCount "107"]
[EventDate "2011.03.22"]
[EventType "swiss"]
[EventRounds "11"]
[EventCountry "FRA"]
[SourceTitle "CBM 142 Extra"]
[Source "ChessBase"]
[SourceDate "2011.06.27"]
[SourceVersion "1"]
[SourceVersionDate "2011.06.27"]
[SourceQuality "1"]
[TimeControl "40/5400+30:1800+30"]

1. e4 c5 2. Nf3 d6 3. d4 cxd4 4. Nxd4 Nf6 5. Nc3 Nc6 6. Bg5 e6 7. Qd2 a6 8.
O-O-O Bd7 {La spécialité du GMI et Kevin relève le gant du débat théorique} (
8... h6 {L'alternative} 9. Be3 Be7 10. f4 Bd7 (10... Nxd4) 11. Be2 b5 12. Bf3
Rc8 13. Nb3 Qc7 14. Kb1 b4 15. Na4 (15. Ne2 a5 16. g4 $13 {Glek}) 15... Na5 {
Tukmakov,V (2570)-Csom,I (2540) IBM Amsterdam 1974 (12) 1/2}) 9. f4 (9. f3) (9.
Kb1 Be7 10. f3 Qc7 11. h4 h6 12. Be3 h5 13. Bg5 Ne5 14. f4 Neg4 15. Qe1 b5 16.
Bd3 b4 17. Nce2 a5 {Srinath,N (2381)-Dubov,D (2372) World Youth Stars 7th 2009
(2) 1-0} (17... Qb6 18. Qg3 e5 $15 {Stoica inf 114})) 9... b5 10. Bxf6 gxf6 11.
Kb1 (11. Nxc6 {L'alternative}) 11... Rc8 {[%cal Gb5b4] Une ligne secondaire} (
11... b4 12. Nce2 Qb6 13. Qe1 (13. f5 Nxd4 14. Nxd4 e5 15. Ne2 h5 16. h4 Ke7
17. Rh3 Bh6 18. Qe1 Rac8 19. Ng3 Qc5 20. Bd3 Bb5 21. Qe2 Bxd3 22. Rxd3 Rhg8 23.
Rh1 Rg4 24. Rhd1 Rc6 25. a3 a5 26. a4 Rxh4 27. Rd5 Qe3 {Radulski,J (2577)
-Kozul,Z (2617)/Zagreb 2010/1-0 (61)}) 13... Rc8 14. Nxc6 Bxc6 15. Nd4 Bb7 16.
f5 e5 17. Nf3 Rg8 18. Qh4 Ke7 19. Rg1 h5 20. Bd3 Bh6 21. g3 a5 22. Rg2 a4 23.
Re2 b3 24. a3 Rc3 25. Qxh5 Rb8 26. Qxh6 {Shirov,A (2739)-Kozul,Z (2609)/
Heraklio 2007/0-1 (94)}) (11... Qb6 12. Nxc6 Bxc6 13. Qe1 Ra7 14. f5 Qc5 15.
Qh4 (15. Bd3 {Simic,D (2328)-Kozul,Z (2597) Pirc Memorial 2000 (1.2) 0-1})
15... Be7 16. Bd3 a5 (16... b4 17. Ne2 e5 18. Nc1 a5 19. Nb3 Qb6 20. Nd2 {
Fercec,N (2512)-Kotronias,V (2626) Reggio Emilia 0506 48th 2005 (3) 1/2} (20.
Bc4 $5 $146 a4 21. Nc1 Qc5 22. b3 $14 {Pavlovic})) 17. fxe6 {Horvath,A (2495)
-Kozul,Z (2593) AUT-chT2M 0607 2006 (10) 0-1}) 12. Nxc6 Bxc6 13. Bd3 ({RR} 13.
Qe3 h5 14. Bd3 Bh6 15. Rhf1 Bb7 16. Qf3 f5 17. Qe3 Bg7 18. exf5 Qf6 19. Be4
Bxe4 20. Qxe4 O-O 21. fxe6 fxe6 22. Rfe1 Rfe8 23. Qf3 b4 24. Na4 Qf5 25. Qd3
Kf7 26. Qxf5+ exf5 27. Nb6 Rxe1 {Zinchenko,Y (2543)-Jankovic,A (2586)/
Rethymnon 2011/1/2-1/2 (34)}) 13... h5 $146 ({RR} 13...
Bb7 14. Rhe1 Rc5 15. Qe3 Qc7 16. Ne2 Bg7 17. Qh3 d5 18. exd5 Bxd5 19. f5 Qe7
20. Nc1 e5 {1/2-1/2 Kolev,A (2540)-Georgiev,K (2461)/Sofia 2004}) (13... b4 14.
Ne2 ) 14. Rhe1 b4 $6 (14... Bh6 15. Be2 h4
16. Bf3) (14... Be7) 15. Nd5 $1 a5 16. f5 Bxd5 17. exd5 e5 18.
Bb5+ $40 Ke7 19. Bc6 Qb6 20. Qe3 $5 {Une décision interessante
car la finale est un peu meilleure pour les Blancs} (20. Re4 $5 )
20... Qxe3 21. Rxe3 Bh6 22. Re2 Rb8 (22... Rhg8) 23. Rd3 h4 24. a3 $1 Bf4 25.
g3 hxg3 26. hxg3 Bg5 27. Ka2 Kf8 28. axb4 (28. Kb3 bxa3+ 29. Kxa3) 28... axb4
29. Kb3 Kg7 30. Kc4 $5 (30. Rd1) 30... Rh1 31. Rb3 Rf1 32. Rxb4 Rxb4+ 33. Kxb4
Rxf5 34. Bd7 Rf3 35. g4 $1 $16 Bc1 36. c3 Rf4+ 37. Kb3 Rf1 38.
Bf5 (38. Kc2 ) 38... Kh6 39. Kc4 Kg5 40. Kb5 Kf4 41. Re4+ Kf3 42.
b4 Bd2 43. c4 Rc1 (43... Rb1 44. c5 $18) 44. c5 Bxb4 $1 45. c6 $1 {Ne tombe
pas dans le piège} (45. Kxb4 $2 Rxc5 ) 45... Bc5 46. Ka6 $18
Ra1+ 47. Kb7 Rb1+ 48. Kc8 Bb6 49. Kd7 Ra1 50. Rb4 Ra7+ 51. Kxd6 Bc7+ 52. Kc5 e4
53. Bxe4+ Kxg4 54. Rb7 {A MARCHAND: Victoire de Kevin contre le GMI Croate
KOZUL (2568) et se retrouve ainsi avec 5 pts sur 8 et une performance
certainement supérieure а 2550 !! Bravo Kevin} 1-0

[Event "Belgrade RAD 30"]
[Site "Belgrade"]
[Date "1977.01.27"]
[Round "10.7"]
[White "Matulovic, Milan"]
[Black "Ostojic, Predrag"]
[Result "1-0"]
[ECO "B67"]
[WhiteElo "2510"]
[BlackElo "2480"]
[Annotator "Marjanovic,S"]
[PlyCount "73"]
[EventDate "1977.01.15"]
[EventType "tourn"]
[EventRounds "13"]
[EventCountry "SRB"]
[EventCategory "9"]
[SourceTitle "EXT 2010"]
[Source "ChessBase"]
[SourceDate "2010.11.25"]
[SourceVersion "1"]
[SourceVersionDate "2010.11.25"]
[SourceQuality "1"]
[TimeControl "40/9000:16/5400:0"]

1. e4 c5 2. Nf3 d6 3. d4 cxd4 4. Nxd4 Nf6 5. Nc3 Nc6 6. Bg5 e6 7. Qd2 a6 8.
O-O-O Bd7 9. f4 b5 10. Bxf6 gxf6 11. Kb1 Qb6 12. Nce2 Rc8 13. g3 Na5 14. b3 (
14. Bh3 Nc4 15. Qd3 b4 16. Rc1 a5 17. Rhd1 a4 18. Qf3 h5 19. Ng1 Bg7 20. Nge2
Bf8 21. Ng1 Bg7 {1/2-1/2 (21) Urzica,A-Pavlov,M Bucharest 1974}) 14... Nb7 $146
(14... Be7 15. Bh3 Nb7 16. Rhe1 Nc5 17. Qe3 b4 18. Ng1 a5 19. Ngf3 O-O 20. Nd2
Qc7 21. Rc1 Ra8 22. c3 bxc3 23. Qxc3 Qb7 24. Bg2 Rfb8 25. Rc2 Qa6 26. Nc4 Rb4
27. Ka1 Rab8 28. Rb2 Bf8 29. Qe3 a4 30. bxa4 Qxa4 31. Rxb4 Rxb4 32. Nb2 Qa7 33.
Qc3 Rxd4 {0-1 (33) Pietzsch,W-Dzindzichashvili,R Tbilisi 1965}) 15. Bg2 Nc5 16.
Rhe1 Be7 17. g4 Rg8 18. Bf3 b4 19. Ng3 a5 20. Nh5 Na6 $6 (20... a4 $5 {Inf 23/
411}) 21. Re3 Rc5 22. Nf5 exf5 23. exf5 Kd8 24. Rde1 Re8 25. Ng7 Rc3 26. Rxc3
bxc3 27. Qe2 Bb5 28. Qe4 d5 29. Qxd5+ Bd7 30. Nxe8 Kxe8 31. g5 Nc7 32. Qe4 Qd6
33. gxf6 Qxf6 34. Qb7 Kd8 35. Qb8+ Bc8 36. Bb7 Qxf5 37. Bxc8 1-0

[Event "Belgrade RAD 30"]
[Site "Belgrade"]
[Date "1977.01.15"]
[Round "1.4"]
[White "Suetin, Alexey S"]
[Black "Weinstein, Norman"]
[Result "1-0"]
[ECO "B67"]
[WhiteElo "2525"]
[BlackElo "2475"]
[Annotator "Weinstein,N"]
[PlyCount "86"]
[EventDate "1977.01.15"]
[EventType "tourn"]
[EventRounds "13"]
[EventCountry "SRB"]
[EventCategory "9"]
[SourceTitle "EXT 2018"]
[Source "ChessBase"]
[SourceDate "2017.10.13"]
[SourceVersion "1"]
[SourceVersionDate "2017.10.13"]
[SourceQuality "1"]
[TimeControl "40/9000:16/5400:0"]

1. e4 c5 2. Nf3 Nc6 3. d4 cxd4 4. Nxd4 Nf6 5. Nc3 d6 6. Bg5 e6 7. Qd2 a6 8.
O-O-O Bd7 9. f4 b5 10. Bxf6 gxf6 11. Nf3 Qb6 12. Kb1 O-O-O 13. f5 $146 (13. g3
Be7 14. Ne2 Kb8 15. Ned4 Nxd4 16. Nxd4 Bc8 17. Bg2 Bb7 18. Qe2 h5 19. c3 h4 20.
f5 e5 21. Nc2 hxg3 22. hxg3 Rxh1 23. Bxh1 Rg8 24. g4 Rh8 25. Bf3 Qc5 26. Ne3
Rh3 27. Nd5 {1/2-1/2 (27) Hlousek,Z (2380)-Mititelu,G (2400) Luhacovice 1971})
13... Kb7 $6 (13... Kb8 {inf 23/(412)}) 14. fxe6 fxe6 15. g3 h5 16. Bh3 Bh6 17.
Qg2 Ne5 18. Nd4 Rhe8 19. Nce2 Ng4 20. Qf3 e5 21. Nf5 Bxf5 22. Qxf5 Ne3 23. Qxh5
Nxd1 24. Rxd1 Bg5 25. Bf5 Rh8 26. Qf7+ Kb8 27. h4 Qf2 28. Nc3 Rhf8 29. Qd5 Be3
30. Qc6 Bd4 31. Nd5 Qe2 32. Rc1 Qc4 33. Qxa6 Rf7 34. b3 Qc5 35. c4 b4 36. Qb5+
Rb7 37. Qxc5 dxc5 38. h5 Rg8 39. g4 Rbg7 40. Nxf6 Rf8 41. Nd7+ Rxd7 42. Bxd7
Rf2 43. Rh1 Rb2+ 1-0